AoeStats
← ariannalovesyeww

Hill Fort

504111456Analyzed
3v3 RM · 28d ago on Sep 3, 2026· 117m 37s· 6 players
Game mode
Random Map
Map size
Normal (6 player)
Population
200
Speed
Normal
Resources
Standard
Victory
Conquest
Starting age
Dark Age
Ending age
Imperial Age
RankedLock teamsTeams togetherTeam positionsShared explorationLock speedFull tech treeHidden civsTurbo modeCheats
Victory
Defeat
🇧🇷 Khmer · Brazil
786
+14
🇺🇸 Mongols · United States
746
+16
🇺🇸 Bulgarians · United States
723
+18
🇵🇪 Chinese · Peru
773
-17
🇺🇸 Gurjaras · United States
754
-16
🇺🇸 Chinese · United States
734
-15
StrawbrryShakes
0:34 Loom
12:49 Feudal Age
14:48 Wheelbarrow
14:38 Horse Collar
15:00 Double-Bit Axe
19:20 Horse Collar
25:17 Castle Age
24:33 Fletching
24:49 Gold Mining
26:26 Hand Cart
26:24 Stone Mining
28:38 Padded Archer Armor
29:36 Squires
29:22 Arson
28:58 Man-at-Arms
30:56 Long Swordsman
32:59 Heavy Plow
34:01 Forging
34:14 Scale Mail Armor
34:49 Town Watch
35:49 Iron Casting
36:21 Chain Mail Armor
36:07 Bodkin Arrow
41:55 Thumb Ring
42:48 Leather Archer Armor
43:12 Great Wall
48:50 Imperial Age
49:48 Gold Shaft Mining
49:47 Bow Saw
50:12 Town Watch
51:44 Two-Man Saw
51:11 Bracer
51:43 Town Patrol
51:33 Crossbowman
54:22 Sappers
54:29 Sappers
55:21 Conscription
54:35 Arbalester
54:52 Elite Skirmisher
57:10 Ring Archer Armor
67:11 Pikeman
71:48 Bloodlines
71:39 Husbandry
101:37 Light Cavalry
102:57 Scale Barding Armor
ibreks
9:18 Feudal Age
7:35 Loom
10:46 Double-Bit Axe
17:44 Castle Age
16:35 Horse Collar
17:07 Fletching
17:41 Padded Archer Armor
18:51 Bow Saw
20:04 Leather Archer Armor
23:34 Wheelbarrow
26:30 Bodkin Arrow
28:02 Scale Barding Armor
30:05 Leather Archer Armor
30:13 Town Watch
31:49 Thumb Ring
32:14 Ballistics
43:11 Hand Cart
42:59 Light Cavalry
43:50 Bloodlines
43:41 Husbandry
45:45 Forging
45:55 Chain Barding Armor
49:06 Heavy Plow
55:19 Imperial Age
64:58 Scale Mail Armor
68:57 Plate Barding Armor
68:57 Iron Casting
68:24 Bracer
70:57 Crop Rotation
73:47 Siege Elephant
76:11 Hussar
77:50 Elite Chakram Thrower
80:52 Conscription
81:06 Chain Mail Armor
82:23 Plate Mail Armor
90:40 Conscription
90:27 Kshatriyas
96:36 Conscription
96:23 Kshatriyas
Pan con Queso
8:51 Feudal Age
10:10 Wheelbarrow
15:42 Horse Collar
18:39 Double-Bit Axe
19:30 Gold Mining
24:57 Castle Age
23:47 Stone Mining
32:22 Loom
32:29 Town Watch
34:45 Hand Cart
34:23 Town Watch
56:25 Gold Shaft Mining
56:25 Stone Shaft Mining
55:55 Heavy Plow
59:30 Town Patrol
64:41 Imperial Age
64:41 Elite Chu Ko Nu
65:34 Scale Mail Armor
65:45 Forging
65:26 Fletching
65:37 Padded Archer Armor
66:27 Sappers
67:17 Bow Saw
77:31 Conscription
82:18 Scale Barding Armor
82:29 Leather Archer Armor
82:09 Bodkin Arrow
82:50 Iron Casting
82:30 Chain Mail Armor
88:30 Chemistry
87:41 Masonry
87:26 Murder Holes
87:23 Heated Shot
87:54 Ballistics
87:21 Arrowslits
88:00 Chain Barding Armor
88:11 Ring Archer Armor
88:11 Plate Mail Armor
88:42 Blast Furnace
87:42 Bracer
88:48 Blast Furnace
97:12 Architecture
97:06 Bombard Tower
114:01 Coinage
20072007
8:55 Loom
11:12 Feudal Age
11:57 Double-Bit Axe
17:16 Castle Age
15:19 Horse Collar
15:47 Gold Mining
17:48 Wheelbarrow
18:19 Bow Saw
19:01 Gold Shaft Mining
19:59 Hand Cart
21:41 Heavy Plow
25:52 Imperial Age
25:31 Stone Mining
27:04 Stone Shaft Mining
26:56 Pikeman
28:42 Forging
28:49 Halberdier
30:08 Scale Barding Armor
30:33 Cavalier
33:31 Crossbowman
34:51 Heavy Scorpion
35:37 Arbalester
36:50 Padded Archer Armor
36:42 Capped Ram
40:44 Tusk Swords
42:54 Crop Rotation
42:27 Double Crossbow
44:14 Elite Skirmisher
45:33 Fletching
45:58 Leather Archer Armor
47:31 Ring Archer Armor
46:59 Bodkin Arrow
48:25 Elite Ballista Elephant
51:06 Husbandry
56:41 Siege Ram
58:02 Bracer
58:23 Chain Barding Armor
62:22 Plate Barding Armor
62:24 Iron Casting
69:07 Blast Furnace
70:10 Scale Mail Armor
77:39 Arson
83:26 Hoardings
82:22 Sappers
85:59 Coinage
85:31 Caravan
86:41 Light Cavalry
87:31 Bloodlines
88:28 Banking
ariannalovesyeww
2:23 Loom
11:12 Feudal Age
13:05 Wheelbarrow
12:19 Double-Bit Axe
20:33 Castle Age
24:39 Pikeman
24:43 Light Cavalry
24:47 Elite Skirmisher
25:42 Husbandry
25:53 Bloodlines
27:21 Bow Saw
28:02 Horse Collar
41:24 Squires
47:21 Heavy Plow
54:34 Thumb Ring
56:54 Nomads
58:54 Gold Mining
64:02 Imperial Age
63:30 Hand Cart
66:59 Caravan
67:10 Scale Barding Armor
67:06 Padded Archer Armor
67:07 Scale Mail Armor
66:57 Fletching
67:18 Forging
68:08 Hussar
68:20 Heavy Camel Rider
68:28 Man-at-Arms
72:26 Parthian Tactics
72:54 Hoardings
75:33 Crossbowman
84:30 Drill
86:32 Chemistry
85:44 Masonry
85:40 Siege Engineers
85:46 Fortified Wall
85:59 Ballistics
85:30 Guard Tower
86:20 Chain Barding Armor
86:16 Chain Mail Armor
86:17 Leather Archer Armor
85:58 Bodkin Arrow
86:38 Iron Casting
90:20 Plate Mail Armor
90:52 Blast Furnace
89:53 Bracer
89:51 Murder Holes
100:54 Capped Ram
105:23 Elite Mangudai
Blogness
3:11 Loom
10:33 Feudal Age
11:56 Double-Bit Axe
14:24 Stone Mining
14:49 Horse Collar
16:45 Gold Mining
23:55 Castle Age
24:06 Arson
24:34 Forging
24:25 Scale Mail Armor
25:11 Squires
24:57 Gambesons
26:25 Bow Saw
26:52 Gold Shaft Mining
26:19 Heavy Plow
27:28 Iron Casting
29:53 Husbandry
30:10 Chain Mail Armor
31:39 Scale Barding Armor
32:25 Bloodlines
31:38 Pikeman
32:41 Chain Barding Armor
38:35 Imperial Age
41:11 Plate Mail Armor
41:42 Blast Furnace
46:32 Stone Shaft Mining
46:44 Plate Barding Armor
46:45 Crop Rotation
46:22 Caravan
49:36 Stone Shaft Mining
48:41 Capped Ram
48:44 Pikeman
50:50 Stirrups
51:40 Halberdier
55:59 Murder Holes
57:52 Bloodlines
63:35 Siege Ram
65:31 Masonry
66:45 Wheelbarrow
97:38 Hand Cart
97:08 Town Watch
98:56 Elite Konnik
101:28 Conscription
107:57 Town Patrol
117:31 Spies/Treason
Connection lost

Rejoining the realm…

Still unreachable

The connection could not be restored.

Session expired

The server has moved on; the page needs a fresh start.